 Dungeon Crawl Stone Soup version 0.31.0-11-ge490571c62 (webtiles) character file.

Game seed: 6185169426787177792

14 qw the Shooter (level 2, -1/14 HPs)
             Began as a Spriggan Hunter on Feb 3, 2024.
             Slain by a kobold
             ... wielding a +0 dagger
              (2 damage)
             ... on level 1 of the Dungeon.
             The game lasted 00:00:03 (148 turns).

qw the Shooter (Spriggan Hunter)                     Turns: 148, Time: 00:00:04

Health: -1/14      AC:  2    Str:  7    XL:     2   Next: 27%
Magic:  3/3        EV: 19    Int: 10    God:
Gold:   14         SH:  0    Dex: 18    Spells: 1/1 levels left

rFire   . . .        a - +0 shortbow
rCold   . . .        (shield currently unavailable)
rNeg    . . .        c - +0 robe
rPois   .            (helmet restricted)
rElec   .            (no cloak)
rCorr   .            (gloves unavailable)
SInv    +            (boots unavailable)
Will    .....        (no amulet)
Stlth   ++           (no ring)
HPRegen 0.22/turn    (no ring)
MPRegen 0.08/turn

%: no passive effects
@: very quick
A: very small, no large weapons, unfitting armour, see invisible, speed 3
a: no special abilities


You were on level 1 of the Dungeon.
You visited 1 branch of the dungeon, and saw 1 of its levels.

You collected 14 gold pieces.


Innate Abilities, Weirdness & Mutations

You are very small and have problems with some larger weapons.
You are too small for most types of armour.
You have supernaturally acute eyesight. (SInv)
You cover ground extremely quickly. (Speed+++)


   Skills:
 - Level 1.5 Fighting
 + Level 4.0 Ranged Weapons
 - Level 4.0 Dodging
 - Level 1.5 Stealth


You had one spell level left.
You didn't know any spells.
Your spell library was empty.

Inventory:

Hand Weapons
 a - a +0 shortbow (weapon)
Armour
 c - a +0 robe (worn)
Scrolls
 b - a scroll of butterflies

Dungeon Overview and Level Annotations

Branches:
Dungeon (1/15)

Altars:


Message History

The ball python closely misses you. The ball python constricts you.
You shoot an arrow.
The arrow barely misses the ball python.
The arrow misses the kobold.
The ball python bites you. The ball python constricts you.
The kobold misses you.
The ball python bites you but does no damage.
The ball python constricts you. The kobold hits you but does no damage.
You shoot an arrow. The arrow hits the ball python!
You kill the ball python!
The giant cockroach closely misses you. The kobold closely misses you.
The giant cockroach misses you.
You shoot an arrow. The arrow hits the ball python.
The ball python is severely wounded.
The ball python barely misses you. The ball python completely misses you.
The giant cockroach closely misses you. The kobold barely misses you.
You shoot an arrow.
The arrow barely misses the ball python.
The ball python bites you but does no damage.
The ball python grabs you. The ball python constricts you.
The giant cockroach bites you. The kobold closely misses you.
The ball python closely misses you. The ball python constricts you.
The giant cockroach barely misses you.
You shoot an arrow. The arrow hits the ball python!
You kill the ball python!
The kobold hits you with a +0 short sword.
The giant cockroach completely misses you.
You shoot an arrow. The arrow hits the kobold.
The kobold is heavily wounded.
The kobold completely misses you. The kobold misses you.
The giant cockroach bites you. The kobold closely misses you.
The kobold barely misses you.
You shoot an arrow. The arrow closely misses the kobold.
The giant cockroach closely misses you. The giant cockroach misses you.
The kobold closely misses you. x2
You shoot an arrow. The arrow hits the kobold.
The kobold is severely wounded.
The giant cockroach bites you but does no damage.
The kobold hits you with a +0 dagger.
You die...

~~~~~~### .....¤~~# .#
....... ........# #.
....... ##'###### .
....... 8'8#8###
#####.##.....[.
.......###..~##.#.......
........##..¤~#.#.......
........'#(.¤~#.#K......
..<.....8'(..~+.@K......
........##..¤~#.#B%.....
........##..~¤#.#...?...
.(.....###..~##.#.......
#8(8#### ######.#...#.##
##'###### #.##.### ..
........# ##.# .# #
.....~~~# ###.## .#
~~~~¤~#####..##


You could see a giant cockroach and 2 kobolds.

Vanquished Creatures
  3 ball pythons (D:1)
  2 goblins (D:1)
  2 hobgoblins (D:1)
  3 jackals (D:1)
  A kobold (D:1)
11 creatures vanquished.

Notes
Turn   | Place    | Note
-------+----------+-------------------------------------------
     0 | D:1      | qw the Spriggan Hunter began the quest for the Orb.
     0 | D:1      | Reached XP level 1. HP: 10/10 MP: 2/2
     0 | D:1      | 0 ||| qw: Version: 0.3-a-155-g5e7d8dd
     0 | D:1      | 0 ||| qw: Game counter: 3118
     0 | D:1      | 0 ||| qw: Melee chars always use a shield: true
     0 | D:1      | 0 ||| qw: God list: Okawaru
     0 | D:1      | 0 ||| qw: Allow faded altars: false
     0 | D:1      | 0 ||| qw: Do Orc after clearing Dungeon:15 true
     0 | D:1      | 0 ||| qw: Do second Lair branch before Depths: true
     0 | D:1      | 0 ||| qw: Lair rune preference: random
     0 | D:1      | 0 ||| qw: Goals: Normal
     0 | D:1      | 0 ||| PLANNING D:1-11
    17 | D:1      | Reached skill level 3 in Dodging
   128 | D:1      | Reached XP level 2. HP: 14/14 MP: 3/3
   145 | D:1      | HP: 2/14 [kobold/+0 short sword (3)]
   148 | D:1      | Slain by a kobold

Levels and vault maps discovered:
D:1:      dpeg_arrival_morbid_curiosity, layout_rooms, grunt_decor_fettered

Skill      XL: |  1  2 |
---------------+-------+-----
Dodging        | 3 4 |  4.0
Fighting       | |  1.5
Ranged Weapons | |  4.0
Stealth        | |  1.5

Action                     || total
---------------------------++-------
   Fire: Shortbow          ||    41
 Armour: Robe              ||    16
  Dodge: Dodged            ||    45

Table legend:
 A = Non-vault XP
 B = Vault XP
 C = Vault XP percentage of total XP
 D = Non-vault monster count
 E = Vault monster count
 F = Vault count percentage of total count
                 A         B        C        D         E       F
            +---------+---------+-------+---------+---------+-------
      Total |      10 |      10 |  50.0 |       6 |       5 |  45.5
            +---------+---------+-------+---------+---------+-------
        D:1 |      10 |      10 |  50.0 |       6 |       5 |  45.5
            +---------+---------+-------+---------+---------+-------
